 Dungeon Crawl Stone Soup version 0.30-a0-778-g2ef04afb54 (webtiles) character file.

Game seed: 287416768144538143

488 Leeroy the Slasher (level 7, -1/37 HPs)
             Began as a Vine Stalker Warper on Feb 16, 2023.
             Was an Initiate of Wu Jian.
             Slain by a gnoll
             ... wielding a +0 halberd
              (3 damage)
             ... on level 5 of the Dungeon.
             The game lasted 00:05:09 (3480 turns).

Leeroy the Slasher (Vine Stalker Warper)            Turns: 3480, Time: 00:05:09

Health: -1/37      AC: 14    Str: 13    XL:     7   Next: 13%
Magic:  0/11       EV:  2    Int: 13    God:    Wu Jian [......]
Gold:   110        SH:  0    Dex: 16    Spells: 1/10 levels left

rFire   . . .      SeeInvis .    a - +0 falchion
rCold   . . .      Faith    .    (no shield)
rNeg    + . .      Spirit   +    e - +1 plate armour {rN+}
rPois   .          Reflect  .    p - +0 helmet
rElec   .          Harm     .    v - +0 cloak
rCorr   .          Rampage  .    o - +0 pair of gloves
Will    .....                    (no boots) Stlth
                                 q - amulet of regeneration
HPRegen 1.86/turn                (no ring)
MPRegen 0.12/turn                (no ring)

@: held
A: fangs 2, regeneration 1, magic shield, antimagic bite, no potion heal 2
a: Renounce Religion


You were on level 5 of the Dungeon.
You worshipped Wu Jian.
Wu Jian was noncommittal.
You visited 2 branches of the dungeon, and saw 6 of its levels.

You collected 176 gold pieces.
You spent 66 gold pieces at shops.

Inventory:

Hand Weapons
 a - a +0 falchion (weapon)
 j - a +0 dagger of venom
Missiles
 d - 7 boomerangs of dispersal (quivered)
 r - 5 curare-tipped darts
Armour
 b - a +0 leather armour
 e - a +1 plate armour of positive energy (worn)
 o - a +0 pair of gloves (worn)
 p - a +0 helmet (worn)
 v - a +0 cloak (worn)
Magical Staves
 m - a staff of conjuration
Jewellery
 q - an amulet of regeneration (around neck)
Scrolls
 c - a scroll of blinking
 h - 4 scrolls of enchant armour
 k - a scroll of poison
 n - 2 scrolls of teleportation {unknown}
 u - a scroll of fear {unknown}
 x - 2 scrolls of enchant weapon {unknown}
 y - 2 scrolls of identify
Potions
 f - a potion of flight
 g - a potion of ambrosia {unknown}
 i - a potion of magic {unknown}
 l - a potion of curing {unknown}
 s - a potion of heal wounds {unknown}
 t - 2 potions of berserk rage {unknown}
 w - a potion of attraction {unknown}
 z - a potion of lignification {unknown}


   Skills:
 - Level 4.1 Fighting
 + Level 5.7 Long Blades
 - Level 0.8 Throwing
 - Level 0.7 Armour
 - Level 1.5 Dodging
 - Level 2.1 Spellcasting
 - Level 3.0 Translocations


You had one spell level left.
You knew the following spells:

 Your Spells              Type           Power      Damage    Failure   Level
a - Blink                 Tloc           18%        N/A       100%        2
b - Vhi's Electric Charg  Tloc/Air       10%        N/A       100%        3
c - Manifold Assault      Tloc           9%         N/A       100%        4

Your spell library contained the following spells:

 Spells                   Type           Power      Damage    Failure   Level
 Cigotuvi's Dreadful Rot  Necr/Pois/Air  2%         N/A       100%        2
 Lesser Beckoning         Tloc           18%        N/A       100%        2
 Poisonous Vapours        Pois/Air       2%         N/A       100%        2
 Mephitic Cloud           Conj/Pois/Air  1%         N/A       100%        3
 Teleport Other           Tloc           9%         N/A       100%        3


Dungeon Overview and Level Annotations

Branches:
Dungeon (5/15)             Temple (1/1) D:4

Altars:
Dithmenos
Elyvilon
Ru
Wu Jian
Yredelemnul
Zin
The Shining One

Shops:
D:4 *

Annotations:
D:3 3 runed translucent doors, LowRida's ghost, amateur TrBe; Shym's ghost, amateur HOFE; funkygono's ghost, amateur GrFE


Innate Abilities, Weirdness & Mutations

You have extremely sharp teeth.
Your natural rate of healing is unusually fast.
When hurt, damage is shared between your health and your magic reserves.
Your bite disrupts and absorbs the magic of your enemies.
Potions cannot restore your health.


Message History

You bite the gnoll. You drain its power.
You feel invigorated.
The gnoll is heavily wounded.
The gnoll hits you but does no damage. The gnoll hits you with a +0 flail.
The gnoll hits you from afar with a +0 halberd.
You hit the gnoll but do no damage.
The gnoll looks as sick as possible!
Your bite misses the gnoll.
The gnoll is severely wounded.
The gnoll hits you but does no damage. The gnoll hits you with a +0 flail.
The gnoll hits you from afar with a +0 halberd.
You barely miss the gnoll.
The gnoll is severely wounded.
The gnoll hits you but does no damage. x3
You closely miss the gnoll. You bite the gnoll, but do no damage.
The gnoll is severely wounded.
You kill the gnoll!
The Council accepts your kill.
You hit the gnoll but do no damage.
The gnoll is poisoned.
You bite the gnoll. You drain its power.
You feel invigorated.
The gnoll is moderately wounded.
The gnoll barely misses you.
The gnoll hits you from afar with a +0 halberd.
You hit the gnoll but do no damage.
The gnoll is moderately wounded.
The gnoll throws a throwing net.
The throwing net hits you.
You become entangled in the net!
The gnoll hits you but does no damage.
The gnoll hits you from afar with a +0 halberd.
You struggle against the net.
The gnoll hits you with a +0 flail.
The gnoll hits you from afar with a +0 halberd. x2
You struggle against the net.
The gnoll hits you with a +0 flail. The gnoll hits you but does no damage.
The gnoll barely misses you.
You struggle against the net.
The gnoll hits you with a +0 flail.
The gnoll hits you from afar with a +0 halberd!
* * * LOW HITPOINT WARNING * * *
The gnoll hits you from afar with a +0 halberd!
* * * LOW HITPOINT WARNING * * *
Your +0 dagger of venom stops dripping with poison.
a - a +0 falchion (weapon)
The gnoll hits you but does no damage.
The gnoll hits you from afar with a +0 halberd.
You die...

#...............###
#.................#
..#..##..........#..##
.......<.....>.......#
#.<......##..###.....#
#.....####..## #...###
...... ##..###...#
...#. #.......#.# ..
#. ..#.#.)@### . .
#....g# .. ##.gg.#
....... ....#...#
#....#...# ......#.⌠.#
......#....


You could see 3 gnolls.

Vanquished Creatures
  A phantom (D:4)
  2 scorpions (D:4)
  A hound (D:4)
  An orc priest (D:4)
  2 iguanas (D:4)
  2 orc wizards (D:4)
  A gnoll (D:5)
  3 adders
  4 dart slugs
  3 orcs
  6 bats
  9 endoplasms
  2 giant cockroaches (D:1)
  8 goblins
  8 hobgoblins
  5 jackals
  A quokka (D:1)
  13 ball pythons
  5 frilled lizards
  9 kobolds
  9 rats
95 creatures vanquished.

Vanquished Creatures (others)
  2 fungi (D:3)
  5 plants (D:3)
7 creatures vanquished.

Grand Total: 102 creatures vanquished

Notes
Turn   | Place    | Note
-------+----------+-------------------------------------------
     0 | D:1      | Leeroy the Vine Stalker Warper began the quest for the Orb.
     0 | D:1      | Reached XP level 1. HP: 11/11 MP: 4/4
    55 | D:1      | Reached skill level 2 in Long Blades
   150 | D:1      | Reached XP level 2. HP: 12/15 MP: 6/6
   431 | D:1      | Reached skill level 3 in Long Blades
   539 | D:1      | Reached XP level 3. HP: 18/18 MP: 5/7
  1257 | D:2      | Found a glowing golden altar of the Shining One.
  1272 | D:2      | Gained mutation: Your natural rate of healing is unusually
                  | fast. [Vine Stalker growth]
  1272 | D:2      | Reached XP level 4. HP: 23/23 MP: 8/8
  1304 | D:2      | Learned a level 2 spell: Blink
  1308 | D:2      | Learned a level 3 spell: Vhi's Electric Charge
  1714 | D:3      | Reached skill level 4 in Long Blades
  1768 | D:3      | Found a faded altar of an unknown god.
  1888 | D:3      | Found a runed translucent gate.
  2168 | D:3      | Found a runed translucent gate.
  2168 | D:3      | Noticed Shym's ghost (amateur HOFE)
  2169 | D:3      | Found a runed translucent gate.
  2169 | D:3      | Noticed LowRida's ghost (amateur TrBe)
  2169 | D:3      | Noticed funkygono's ghost (amateur GrFE)
  2169 | D:3      | Noticed funkygono's ghost (amateur GrFE)
  2351 | D:4      | Found Hyamyluhe's General Store.
  2365 | D:4      | Bought 5 curare-tipped darts for 66 gold pieces
  2495 | D:4      | Reached XP level 5. HP: 25/27 MP: 5/9
  2519 | D:4      | Reached XP level 6. HP: 28/33 MP: 10/10
  2692 | D:4      | Found a staircase to the Ecumenical Temple.
  2750 | D:4      | Reached skill level 5 in Long Blades
  3077 | D:4      | Reached XP level 7. HP: 31/37 MP: 7/11
  3380 | Temple   | Entered the Ecumenical Temple
  3392 | Temple   | Became a worshipper of the Wu Jian Council
  3408 | D:4      | Learned a level 4 spell: Manifold Assault
  3441 | D:5      | Entered Level 5 of the Dungeon
  3479 | D:5      | HP: 1/37 [gnoll/+0 halberd (8)]
  3480 | D:5      | Slain by a gnoll

Illustrated notes

Levels and vault maps discovered:
D:1:      noname_arrival_rooms_in_the_neighbourhood, layout_basic
D:2:      minmay_evil_eye, layout_rooms, basic_altar, minmay_statues_item,
          chequers_serial_rivers_micro_a
D:3:      layout_loops_ring, gammafunk_ghost_cemetery,
          shapermc_ecumenical_altar_mp_ritualfount, feat_on_display
D:4:      minmay_opposing_rooms, layout_loops_ring, lemuel_temple_firewalk_b,
          serial_shops, nicolae_shop_trees, kennysheep_generic_room_3
D:5:      layout_cave_pools, nicolae_overflow_hallway_of_the_gods,
          mainiacjoe_overflow_large_starburst, ebering_ghost_rock_garden,
          uniq_duvessa
Temple:   dshaligram_water_room_temple

Skill      XL: |  1  2  3  4  5  6 |
---------------+-------------------+-----
Long Blades    | 2 3 4 5 |  5.7
Fighting       | 2 4 |  4.1
Throwing       | |  0.8
Armour         | |  0.7
Dodging        | |  1.5
Spellcasting   | |  2.1
Translocations | |  3.0

Action                     |  1- 3 |  4- 6 |  7- 9 || total
---------------------------+-------+-------+-------++-------
  Melee: Falchion          |    99 |       |       ||    99
         Bite              |    27 |    59 |     7 ||    93
         Punch             |     2 |     2 |       ||     4
         Dagger            |    15 |   173 |    19 ||   207
Ability: Lunge             |       |       |     1 ||     1
    Use: Scroll            |     3 |       |       ||     3
 Armour: Leather armour    |    45 |       |       ||    45
         Plate armour      |       |   130 |    18 ||   148
  Dodge: Dodged            |    64 |    22 |     3 ||    89

Table legend: (Time is in decaauts)
 A = Elapsed time spent in this place.
 B = Non-inter-level travel time spent in this place.
 C = Inter-level travel time spent in this place.
 D = Time resting spent in this place.
 E = Time spent auto-exploring this place.
 F = Levels seen in this place.
 G = Mean time per level.
                   A        B        C        D        E       F      G
               +--------+--------+--------+--------+--------+-----+--------+
         Total |   3466 |   3312 |    154 |      0 |   2651 |   6 |  577.7 |
       Dungeon |   3444 |   3298 |    146 |      0 |   2644 |   5 |  688.8 |
        Temple |     21 |     13 |      8 |      0 |      7 |   1 |   21.0 |
               +--------+--------+--------+--------+--------+-----+--------+

Top non-repeatable levels by time:
     D:4: 1070 daAuts
     D:1: 985 daAuts
     D:3: 757 daAuts
     D:2: 595 daAuts
     D:5: 37 daAuts
  Temple: 21 daAuts
